 Dungeon Crawl Stone Soup version 0.25-a0-1133-g93ebf73 (webtiles) character file.

Game seed: 12873219808690020385, levelgen mode: deterministic

2 thirtiethelement the Sneak (level 1, -2/14 HPs)
             Began as an Octopode Assassin on May 21, 2020.
             Killed from afar by a dart slug (7 damage)
             ... with a slug dart
             ... on level 1 of the Dungeon.
             The game lasted 00:00:16 (51 turns).

thirtiethelement the Sneak (Octopode Assassin)        Turns: 51, Time: 00:00:17

Health: -2/14      AC:  1    Str: 10    XL:     1   Next: 30%
Magic:  1/1        EV: 13    Int: 13    God:
Gold:   0          SH:  0    Dex: 13    Spells: 0/0 levels left

rFire    . . .     SeeInvis .   a - +2 dagger
rCold    . . .     Gourm    .   (no shield)
rNeg     . . .     Faith    .   (helmet restricted)
rPois    .         Spirit   .   (no amulet)
rElec    .         Reflect  .   (no ring)
rCorr    .         Harm     .   (no ring)
MR       .....                  (no ring)
Stlth    ++++......             (no ring)
HPRegen  0.04/turn              (no ring)
MPRegen  0.07/turn              (no ring)
                                (no ring)
                                (no ring)

@: no status effects
A: almost no armour, stealthy swim, amphibious, 8 rings, constrict 8, camouflage
1, gelatinous body 1
a: no special abilities


You were on level 1 of the Dungeon.
You were not hungry.

You visited 1 branch of the dungeon, and saw 1 of its levels.

Inventory:

Hand Weapons
 a - a +2 dagger (weapon)
Missiles
 b - 8 poisoned darts (quivered)
 c - 2 curare-tipped darts
Scrolls
 e - a scroll of magic mapping {unknown}
 f - a scroll of identify {unknown}
Comestibles
 d - a ration


   Skills:
 + Level 2.0 Fighting
 + Level 2.0 Short Blades
 + Level 2.1 Throwing
 + Level 1.0 Dodging
 + Level 5.3 Stealth


You couldn't memorise any spells.
You didn't know any spells.
Your spell library was empty.

Dungeon Overview and Level Annotations

Branches:
Dungeon (1/15)

Altars:


Innate Abilities, Weirdness & Mutations

You cannot wear most types of armour.
You are very stealthy in the water. (Stealth+)
You are amphibious.
You can wear up to eight rings at the same time.
You can use your tentacles to constrict eight enemies at once.
Your skin changes colour to match your surroundings (Stealth+).
Your rubbery body absorbs attacks. (AC +1, EV +1)


Message History

The goblin is severely wounded.
You constrict the goblin, but do no damage.
The goblin hits you with a +0 club.
* * * LOW HITPOINT WARNING * * *
You hit the goblin.
You kill the goblin!
Things that are here:
a +0 club; a goblin corpse
f - a scroll labeled HEIMUH LINLAU A dart slug comes into view.
A goblin comes into view.
The dart slug launches a dart at you. The slug dart misses you.
You hit the goblin. Your grab misses the goblin. You squeeze the goblin.
You kill the goblin!
You see here a goblin corpse.
The dart slug launches a dart at you. The slug dart hits you!
Ouch! That really hurt!
You die...

### ##...##.# ....
..# ####...# #.# ....
.####....# #.# .....
......)### #.# .....
####.##..### #.#
......
##..##..####.##......
#######......w......
## ###....### .###
#..#@#####+####
...###
##.#..........#
.....###
###..........#
...(...####
#..........#
..#.......###
##...†.....#
...###..<...#
#.........# ....
##......# #.........#
..#.. ##.##..#
#.........# ######
### ## #.........#


You could see a dart slug.

Vanquished Creatures
  2 goblins (D:1)
2 creatures vanquished.

Notes
Turn   | Place    | Note
-------+----------+-------------------------------------------
     0 | D:1      | thirtiethelement the Octopode Assassin began the quest for
                  | the Orb.
     0 | D:1      | Reached XP level 1. HP: 14/14 MP: 1/1
    51 | D:1      | Killed from afar by a dart slug

Illustrated notes

Levels and vault maps discovered:
D:1:      dpeg_arrival_arbitrary_a, layout_basic

Action                   || total
-------------------------++-------
Melee: Dagger            ||     4
       Constrict         ||     1
       Tentacles         ||     1
Armor: Skin              ||     1
Dodge: Dodged            ||     1

Table legend:
 A = Non-vault XP
 B = Vault XP
 C = Vault XP percentage of total XP
 D = Non-vault monster count
 E = Vault monster count
 F = Vault count percentage of total count
                 A         B        C        D         E       F
            +---------+---------+-------+---------+---------+-------
      Total |       3 |       0 |   0.0 |       2 |       0 |   0.0
            +---------+---------+-------+---------+---------+-------
        D:1 |       3 |       0 |   0.0 |       2 |       0 |   0.0
            +---------+---------+-------+---------+---------+-------
